 Dungeon Crawl Stone Soup version 0.25.1-2-g60ff931df9 (webtiles) character file.

Game seed: 9679120536611416494

49 DildoBatman the Magician (level 4, 0/30 HPs)
             Began as a Formicid Wizard on Oct 19, 2020.
             Slain by a hobgoblin
             ... wielding a +0 club
             ... led by Robin
              (8 damage)
             ... on level 2 of the Dungeon.
             The game lasted 00:03:35 (1526 turns).

DildoBatman the Magician (Formicid Wizard)          Turns: 1526, Time: 00:03:36

Health: 0/30       AC:  2    Str: 12    XL:     4   Next: 1%
Magic:  6/8        EV: 12    Int: 18    God:
Gold:   34         SH:  0    Dex:  9    Spells: 8/9 levels left

rFire    . . .     SeeInvis +   a - +0 spear
rCold    . . .     Gourm    .   (no shield)
rNeg     . . .     Faith    .   k - +0 robe
rPois    .         Spirit   .   (helmet unavailable)
rElec    .         Reflect  .   (no cloak)
rCorr    .         Harm     .   (no gloves)
MR       .....                  (no boots)
Stlth    ++........             (no amulet)
HPRegen  0.10/turn              (no ring)
MPRegen  0.11/turn              (no ring)

@: no status effects
A: permanent stasis, dig shafts and tunnels, four strong arms, antennae 3
a: Dig, Shaft Self


You were on level 2 of the Dungeon.
You were not hungry.

You visited 1 branch of the dungeon, and saw 2 of its levels.

You collected 34 gold pieces.

Inventory:

Hand Weapons
 a - a +0 spear (weapon)
 b - a +0 club
 m - a +0 dagger
Missiles
 c - 68 stones (quivered)
 e - 15 sling bullets
 f - 30 arrows
 q - 4 silver boomerangs
Armour
 d - a +0 buckler
 k - a +0 robe (worn)
 l - a +0 kite shield
Scrolls
 i - a scroll of enchant weapon {unknown}
 j - 2 scrolls of identify {unknown}
 n - a scroll of enchant armour {unknown}
 o - a scroll of amnesia {unknown}
 r - a scroll of teleportation {unknown}
Potions
 g - a potion of curing {unknown}
 h - a potion of cancellation {unknown}
Comestibles
 p - a chunk of flesh
 v - 6 rations


   Skills:
 - Level 1.7 Dodging
 - Level 2.4 Stealth
 - Level 3.2 Spellcasting
 * Level 3.2 Conjurations
   Level 1.0 Summonings
   Level 0.8 Translocations


You had 8 spell levels left.
You knew the following spells:

 Your Spells              Type           Power        Failure   Level  Hunger
c - Magic Dart            Conj           ##..         4%          1    None

Your spell library contained the following spells:

 Spells                   Type           Power        Failure   Level  Hunger
 Call Imp                 Summ           #.......     16%         2    ##.....
 Slow                     Hex            #.......     24%         2    ##.....
 Conjure Flame            Conj/Fire      #.......     24%         3    ###....
 Mephitic Cloud           Conj/Pois/Air  #.......     30%         3    ###....
 Blink                    Tloc           Unusable     N/A         2    N/A

Dungeon Overview and Level Annotations

Branches:
Dungeon (2/15)

Altars:

Annotations:
D:2 Robin


Innate Abilities, Weirdness & Mutations

You cannot be hasted, slowed, berserked, paralysed or teleported.
You can dig through walls and to a lower floor.
Your four strong arms can wield two-handed weapons with a shield.
You have a pair of large antennae on your head. (SInv)


Message History

g - Guard the area. f - Follow me.
Anything else - Cancel.
You shout for attention!
Robin says, "Bow before me, strongest of all the hobgoblins!"
Robin hits you with a +0 club. The hobgoblin barely misses you.
The hobgoblin hits you with a +0 club. The goblin barely misses you.
What are your orders? t - Shout!
Orders for allies: a - Attack new target. r - Retreat! s - Stop attacking. g - Guard the area. f - Follow me.
Anything else - Cancel.
You shout for attention!
The goblin hits the plant with a +0 dagger.
Robin roars a battlecry!
The goblins go into a battle-frenzy!
The hobgoblin hits you with a +0 club!
You die...

#...PPP..P.P..PP(.P....P.[
#............)..(.........
#...P.P...P...P)PP...P.P..
#..♣♣♣..P♣♣♣...♣♣♣...♣♣♣..
#.P♣ ♣..P♣ ♣...♣ ♣..P♣ P.
#..♣♣♣P..♣♣♣.?.♣♣♣...♣♣♣..
#..P.P....PP......P...P...
#........ggg..............
#######.#@#{#.#.#..##..###
#.#gg.#.#.#.....##
#.###.#.#.##.#.÷# ...
..#.#.##.#..# #.
#.#.#....##.#
###.#######.# ..# ###


You could see Robin, 2 hobgoblins and 2 goblins.

Vanquished Creatures
  A gnoll (D:1)
  An adder (D:2)
  A leopard gecko (D:2)
  3 bats
  8 goblins
  3 hobgoblins (D:1)
  2 jackals (D:1)
  A frilled lizard (D:1)
  4 kobolds
  3 rats (D:1)
27 creatures vanquished.

Notes
Turn   | Place    | Note
-------+----------+-------------------------------------------
     0 | D:1      | DildoBatman the Formicid Wizard began the quest for the
                  | Orb.
     0 | D:1      | Reached XP level 1. HP: 13/13 MP: 4/4
    86 | D:1      | Reached skill level 1 in Conjurations
   387 | D:1      | Reached XP level 2. HP: 9/19 MP: 0/6
  1089 | D:1      | Reached XP level 3. HP: 24/24 MP: 2/7
  1316 | D:2      | Noticed Robin
  1514 | D:1      | Reached XP level 4. HP: 26/30 MP: 5/8
  1526 | D:2      | Slain by a hobgoblin

Illustrated notes

Levels and vault maps discovered:
D:1:      lemuel_arrival_river_bridge, layout_basic, minmay_splitting_lines
D:2:      layout_basic, first_ration, st_stairs_4, kennysheep_boxes, uniq_robin,
          uniq_sigmund, uniq_crazy_yiuf_cottage

Skill      XL: |  1  2  3 |
---------------+----------+-----
Conjurations   | 1 2 3 |  3.2
Dodging        | |  1.7
Stealth        | |  2.4
Spellcasting   | |  3.2
Summonings     | |  1.0
Translocations | |  0.8

Action                   |  1- 3 |  4- 6 || total
-------------------------+-------+-------++-------
Melee: Club              |    14 |       ||    14
       Dagger            |     5 |       ||     5
       Spear             |     6 |       ||     6
Throw: Stone             |     4 |       ||     4
 Cast: Magic Dart        |    60 |     1 ||    61
 Abil: Dig               |     3 |       ||     3
  Eat: Chunk             |     3 |       ||     3
Armor: Robe              |     6 |     1 ||     7
Dodge: Dodged            |    29 |     6 ||    35
